 Dungeon Sprint DCSS version 0.32-a0-665-g3d30ec2550 (webtiles) character file.

Game seed: 7823450259094877540

55097 nuthulu the Impregnable (level 14, -1/149 HPs)
             Began as a Minotaur Fighter on Mar 9, 2024.
             Was the Champion of Makhleb.
             Killed by divine providence
             ... invoked by a mummy priest
              (14 damage)
             ... in the Dungeon (Sprint V: "Ziggurat Sprint").
             The game lasted 00:10:50 (2641 turns).

nuthulu the Impregnable (Minotaur Fighter)          Turns: 2641, Time: 00:10:51

Health: -1/149     AC: 47    Str: 33    XL:     14   Next: 37%
Magic:  13/21      EV: 14    Int:  5    God:    Makhleb [******]
Gold:   0          SH: 33    Dex: 17    Spells: 13/13 levels left

rFire   . . .        C - +16 obsidian axe {drain, demonic, Mesm ^Drain Fly SInv}
rCold   + + .        E - +18 shield of the Gong {Loud rN+ Will+ rCorr EV-5}
rNeg    + + +        D - +15 Maxwell's patent armour {-Cast -Tele rElec Will+ rCorr}
rPois   +            (helmet restricted)
rElec   +            Q - +1 cloak {rPois}
rCorr   +            G - +1 pair of gloves {infuse}
SInv    +            Y - +2 pair of boots {rampage}
Will    +++..        Z - amulet "Qimmutui" {^Drain rElec rN++ RegenMP+ Str+8} Stlth
                     R - ring "Pamperru" {rElec rC+ Dex+6 Stlth+}
HPRegen 0.44/turn    n - ring "Nidafid" {rC+ Slay+3 SInv}
MPRegen 0.57/turn

%: no teleportation, no spellcasting, rampage, infuse magic (1 MP)
@: lethally poisoned (-1 -> -37), flying, mesmerised, slowed, studying 4 skills,
very slow
A: horns 2, retaliatory headbutt
a: Renounce Religion, Minor Destruction, Lesser Servant of Makhleb, Major
Destruction, Greater Servant of Makhleb


You were in the Dungeon.
You worshipped Makhleb.
Makhleb was exalted by your worship.
You visited 1 branch

Inventory:

Hand Weapons
 C - the +16 obsidian axe (weapon) {drain, demonic, Mesm ^Drain Fly SInv}
   (You found it in the Dungeon)

   Mesm:      Its wielder is mesmerised by any visible foes, and it cannot be
   unequipped while any foes are visible.
   SInv:      It lets you see invisible.
   Fly:       It grants you flight.
   ^Drain:    It drains your maximum health when unequipped.
Armour
 D - the +15 Maxwell's patent armour (worn) {-Cast -Tele rElec Will+ rCorr}
   (You found it in the Dungeon)

   rElec:     It insulates you from electricity.
   Will+:     It increases your willpower.
   -Cast:     It prevents spellcasting.
   -Tele:     It prevents most forms of teleportation.
   rCorr:     It protects you from acid and corrosion.
 E - the +18 shield of the Gong (worn) {Loud rN+ Will+ rCorr EV-5}
   (You found it in the Dungeon)

   Loud:      It is deafeningly noisy when blocking attacks.
   EV-5:      It affects your evasion (-5).
   rN+:       It protects you from negative energy.
   Will+:     It increases your willpower.
   rCorr:     It protects you from acid and corrosion.
 G - a +1 pair of gloves of infusion (worn)
 Q - a +1 cloak of poison resistance (worn)
 Y - a +2 pair of boots of rampaging (worn)
Jewellery
 a - an amulet of reflection
 b - a +4 ring of slaying
 c - the ring of the Mage {Wiz Archmagi}
   (You found it in the Dungeon)

   [ring of wizardry]

   Wiz:       It improves your spell success rate.
   Archmagi:  It increases the power of your magical spells.
 n - the ring "Nidafid" (right hand) {rC+ Slay+3 SInv}
   (You found it in the Dungeon)

   [ring of protection from cold]

   Slay+3:    It affects your accuracy & damage with ranged weapons and melee
   (+3).
   rC+:       It protects you from cold.
   SInv:      It lets you see invisible.
 v - a ring of flight
 w - a +6 ring of dexterity
 x - a +6 ring of dexterity
 y - a +6 ring of intelligence
 z - a +6 ring of intelligence
 A - a +6 ring of strength
 B - a +6 ring of strength
 F - a ring of wizardry
 H - a ring of resist corrosion
 I - a ring of positive energy
 K - a +6 ring of intelligence
 L - the ring of Zego {*Slow rC+ Will++ rCorr Int+2}
   (You found it in the Dungeon)

   [ring of resist corrosion]

   Int+2:     It affects your intelligence (+2).
   rC+:       It protects you from cold.
   Will++:    It greatly increases your willpower.
   rCorr:     It protects you from acid and corrosion.
   *Slow:     It may slow you when you take damage.
 N - a +4 ring of slaying
 O - the ring "Cacwiron" {MP+9 Str+2}
   (You found it in the Dungeon)

   [ring of magical power]

   Str+2:     It affects your strength (+2).
   MP+9:      It affects your magic capacity (+9).
 R - the ring "Pamperru" (left hand) {rElec rC+ Dex+6 Stlth+}
   (You found it in the Dungeon)

   [ring of dexterity]

   Dex+6:     It affects your dexterity (+6).
   rC+:       It protects you from cold.
   rElec:     It insulates you from electricity.
   Stlth+:    It makes you more stealthy.
 T - a ring of wizardry
 V - a ring of ice
 W - a +6 ring of intelligence
 X - a +4 ring of protection
 Z - the amulet "Qimmutui" (around neck) {^Drain rElec rN++ RegenMP+ Str+8}
   (You found it in the Dungeon)

   [amulet of magic regeneration]

   It increases your rate of magic regeneration.
   Str+8:     It affects your strength (+8).
   rElec:     It insulates you from electricity.
   rN++:      It greatly protects you from negative energy.
   ^Drain:    It drains your maximum health when unequipped.
   RegenMP+:  It increases your rate of magic regeneration.
Wands
 s - a wand of mindburst (11)
 t - a wand of iceblast (10)
 u - a wand of quicksilver (23)
 J - a wand of polymorph (7)
 M - a wand of flame (26)
 P - a wand of digging (2)
Scrolls
 j - 4 scrolls of blinking
 o - 4 scrolls of amnesia
 p - 7 scrolls of fog
 q - 5 scrolls of identify
 r - 2 scrolls of fear
Potions
 d - 6 potions of might
 e - 10 potions of curing
 f - 13 potions of heal wounds
 g - 6 potions of haste
 h - 7 potions of magic
 i - 3 potions of berserk rage
 k - 2 potions of brilliance
 l - 2 potions of invisibility
 m - 4 potions of resistance
Miscellaneous
 S - a phial of floods
 U - a condenser vane


   Skills:
 - Level 20.5 Fighting
 - Level 19.5 Axes
 + Level 26.3 Armour
 + Level 18.5 Dodging
 - Level 18.8 Shields
 + Level 10.9 Invocations


You had 13 spell levels left.
You didn't know any spells.
Your spell library contained the following spells:

 Spells                   Type           Power      Damage    Failure   Level
 Apportation              Tloc           0%         N/A       86%         1
 Foxfire                  Conj/Fire      0%         2x1d4     86%         1
 Necrotise                Necr           0%         1d4       86%         1
 Sandblast                Erth           0%         2d4       86%         1
 Sting                    Conj/Alch      0%         1d3       86%         1
 Summon Small Mammal      Summ           0%         N/A       86%         1
 Blink                    Tloc           0%         N/A       95%         2
 Ensorcelled Hibernation  Hex/Ice        0%         N/A       95%         2
 Mercury Vapours          Alch/Air       0%         N/A       95%         2
 Scorch                   Fire           0%         2d5       95%         2
 Dazzling Flash           Conj/Hex       0%         N/A       99%         3
 Frozen Ramparts          Ice            0%         1d1       99%         3
 Fugue of the Fallen      Necr           0%         N/A       99%         3
 Inner Flame              Hex/Fire       0%         N/A       99%         3
 Passwall                 Erth           0%         N/A       99%         3
 Stone Arrow              Conj/Erth      0%         3d7       99%         3
 Volatile Blastmotes      Fire/Tloc      0%         2d10      99%         3
 Anguish                  Hex/Necr       0%         N/A       100%        4
 Animate Armour           Summ/Erth      0%         N/A       100%        4
 Brom's Barrelling Bould  Conj/Erth      0%         2d3       100%        4
 Dimensional Bullseye     Hex/Tloc       0%         N/A       100%        4
 Flame Wave               Conj/Fire      0%         2d4       100%        4
 Ignite Poison            Fire/Alch      0%         N/A       100%        4
 Manifold Assault         Tloc           0%         N/A       100%        4
 Summon Lightning Spire   Summ/Air       0%         N/A       100%        4
 Alistair's Intoxication  Alch           0%         N/A       100%        5
 Borgnjor's Vile Clutch   Necr/Erth      0%         N/A       100%        5
 Irradiate                Conj/Alch      0%         3d11      100%        5
 Lee's Rapid Deconstruct  Erth           0%         3d4*      100%        5
 Dispersal                Tloc           0%         N/A       100%        6
 Eringya's Noxious Bog    Alch           0%         4d6       100%        6
 Plasma Beam              Fire/Air       0%         2x1d10    100%        6
 Sculpt Simulacrum        Ice/Alch       0%         N/A       100%        6
 Starburst                Conj/Fire      0%         6d3       100%        6
 Summon Cactus Giant      Summ           0%         N/A       100%        6
 Haunt                    Necr/Summ      0%         N/A       100%        7
 Malign Gateway           Summ/Tloc      0%         N/A       100%        7
 Monstrous Menagerie      Summ           0%         N/A       100%        7
 Spellforged Servitor     Conj/Summ      0%         N/A       100%        7
 Borgnjor's Revivificati  Necr           0%         N/A       100%        8
 Disjunction              Tloc           0%         N/A       100%        8
 Ignition                 Fire           0%         3d3       100%        8
 Lehudib's Crystal Spear  Conj/Erth      0%         10d2      100%        8
 Maxwell's Capacitive Co  Air            0%         ∞         100%        8
 Summon Horrible Things   Summ           0%         N/A       100%        8
 Death's Door             Necr           0%         N/A       100%        9
 Dragon's Call            Summ           0%         N/A       100%        9


Dungeon Overview and Level Annotations

Branches:
Dungeon (1/1)

Altars:
Ashenzari
Cheibriados
Dithmenos
Elyvilon
Fedhas
Gozag
Hepliaklqana
Kikubaaqudgha
Makhleb
Nemelex Xobeh
Okawaru
Qazlal
Ru
Sif Muna
Trog
Uskayaw
Vehumet
Wu Jian
Xom
Yredelemnul
Zin
The Shining One
Beogh
Jiyva
Lugonu

Annotations:
D 1 transporter


Innate Abilities, Weirdness & Mutations

You have a pair of horns on your head.
You reflexively headbutt those who attack you in melee.


Message History

You slice the mummy priest!! You headbutt the mummy priest!
The mummy priest is severely damaged.
You slice the death scarab!! You slash the mummy!
You destroy the mummy!
Makhleb accepts your kill.
You feel better.
You hit the death scarab.
You are engulfed in dark miasma.
You are more poisoned.
You feel extremely sick. You block the death scarab's attack.
GONNNNG!
You block the death scarab's attack.
PTOANNNG!
The mummy priest calls on the powers of darkness!
The bennu convulses!
Your body is wracked with pain!
* * * LOW HITPOINT WARNING * * *
You block the bennu's attack.
PTOANNNG!
The bennu claws you but does no damage. x2
Unknown command.
You hit the bennu. You headbutt the bennu!!
The bennu is almost dead.
You slice the mummy priest!!
You hit the death scarab but do no damage.
You are engulfed in dark miasma.
You are more poisoned.
You feel as though you will be slow longer.
* * * LOW HITPOINT WARNING * * *
x2 You feel extremely sick.
You block the death scarab's attack.
GONNNNG!
You block the bennu's attack.
PANG!
You block the bennu's attack.
SHROANNG!
The bennu barely misses you.
The death scarab bites you but does no damage. x2
The mummy priest utters an invocation to its god.
The mummy priest mumbles some strange prayers to its god against you.
Something smites you!
You die...

.......©.......▓.....ß©ß
▓▓▓▓▓▓▓▓▓▓▓▓▓▓▓▓..)[)|))
......ß©ß......▓..=)[}:)
..))/=[||)M/|..▓........
..)[)/MBM☼:)/..▓........
....9M/MMMM9...▓.....)..
....MMM9MZM....▓........
....4ZM9bM.....▓......÷÷
.....MB@.......▓..▓.....
......B........▓.▓▓▓....
......○........▓..▓.....
...............▓........
...............▓......©.
...▓.......▓...▓▓▓▓▓▓▓▓▓
...............▓.....ß©ß
...............▓..)[))..
.......©.......▓..)|:[.[


You could see a royal mummy, a bennu, 3 mummy priests, 6 guardian mummies, 4
ushabtiu, 3 death scarabs, a chaos spawn (summoned), 6 mummies, an adder zombie
and a quokka skeleton.

Vanquished Creatures
  2 shard shrikes (D)
  An Ice Fiend (D)
  2 deep elf master archers (D)
  A nagaraja (D)
  A nargun (D)
  A frost giant (D)
  2 deep elf sorcerers (D)
  2 fire giants (D)
  A deep elf demonologist (D)
  A wendigo (D)
  A merfolk impaler (D)
  A mummy priest (D)
  An entropy weaver (D)
  A deep elf high priest (D)
  2 merfolk javelineers (D)
  A fire dragon (D)
  3 radroaches (D)
  3 anacondas (D)
  2 dancing weapons (D)
  3 demonic crawlers (D)
  5 naga warriors (D)
  2 deep elf knights (D)
  3 hell hogs (D)
  3 soul eaters (D)
  A deep elf archer (D)
  6 deep elf pyromancers (D)
  2 deep elf zephyrmancers (D)
  A thermic dynamo (D)
  A wolf spider (D)
  2 steelbarb worms (D)
  A moth of wrath (D)
  2 water nymphs (D)
  A guardian serpent (D)
  3 naga magi (D)
  3 black mambas (D)
  2 cane toads (D)
  A rime drake (D)
  2 freezing wraiths (D)
  A tormentor (D)
  4 efreet (D)
  A komodo dragon (D)
  A guardian mummy (D)
  2 merfolk (D)
  6 hornets (D)
  3 tarantellas (D)
  3 slime creatures (D)
  4 jumping spiders (D)
  2 culicivoras (D)
  2 air elementals (D)
  A yak (D)
  2 wyverns (D)
  2 water elementals (D)
  A steam dragon (D)
  3 fire elementals (D)
  A basilisk (shapeshifter) (D)
  A golden eye (D)
  3 redbacks (D)
  2 acid dragons (D)
  3 nagas (D)
  A hell hound (D)
  6 water moccasins (D)
  A sky beast (shapeshifter) (D)
  A swamp drake (D)
  A wolf (shapeshifter) (D)
  3 wolves (D)
  2 weeping skulls (D)
  A wight (D)
  4 jellies (D)
  An iguana (D)
  3 mummies (D)
  4 adders (D)
  An adder skeleton (D)
  4 adder simulacra (D)
  4 bat skeletons (D)
  An endoplasm (D)
  5 ball pythons (D)
  A ball python simulacrum (D)
  A bat simulacrum (D)
  A giant cockroach simulacrum (D)
  A quokka simulacrum (D)
  A quokka zombie (D)
  A spectral quokka (D)
170 creatures vanquished.

Vanquished Creatures (collateral kills)
  2 merfolk impalers (D)
  An orb spider (D)
  A deep elf zephyrmancer (D)
  An ugly thing (D)
  A manticore (D)
  A moth of wrath (D)
  A guardian mummy (D)
  2 merfolk (D)
  A jumping spider (D)
  An air elemental (D)
  A redback (D)
  3 scorpions (D)
  An adder zombie (D)
  A ball python simulacrum (D)
  A quokka zombie (D)
  A spectral quokka (D)
20 creatures vanquished.

Vanquished Creatures (others)
  A fire vortex (D)
1 creature vanquished.

Grand Total: 191 creatures vanquished

Notes
Turn   | Place    | Note
-------+----------+-------------------------------------------
     0 | D        | nuthulu the Minotaur Fighter began the quest for the Orb.
     0 | D        | Reached XP level 1. HP: 19/19 MP: 0/0
     0 | D        | Found a shimmering blue altar of Sif Muna.
     0 | D        | Found a sacrificial altar of Ru.
     0 | D        | Found a bloodstained altar of Trog.
     0 | D        | Found a stormy altar of Qazlal.
     0 | D        | Found an iron altar of Okawaru.
     0 | D        | Found a sparkling altar of Nemelex Xobeh.
     0 | D        | Found a blossoming altar of Fedhas.
     0 | D        | Found the +6 Majin-Bo {spellvamp, MP+6 Int+6}
     0 | D        | Found the +27 heavy crossbow "Sniper" {heavy, Acc+∞ SInv}
     0 | D        | Found the +10 dark maul {heavy}
     0 | D        | Found the +15 Maxwell's patent armour {-Cast -Tele rElec
                  | Will+ rCorr}
     0 | D        | Found the +18 shield of the Gong {Loud rN+ Will+ rCorr
                  | EV-5}
     0 | D        | Found the +16 obsidian axe {drain, demonic, Mesm ^Drain Fly
                  | SInv}
     0 | D        | Found the +7 great mace "Firestarter" {flame, immolate,
                  | rFlCloud rF++}
     0 | D        | Found the +6 shillelagh "Devastator" {shatter}
     0 | D        | Found the +11 plutonium sword {^Contam Stlth-}
     0 | D        | Found the +8 lance "Wyrmbane" {slay drac, rPois rF+ rC+
                  | AC+3}
     0 | D        | Found the +9 sword of Zonguldrok {reap}
     0 | D        | Found the +13 scythe of Curses {drain, curses, ^Drain}
     0 | D        | Found the +9 sword of Power {lifebolt}
     0 | D        | Found the +7 mace of Variability {chaos, chaos arc}
     0 | D        | Found the +11 Singing Sword {sonic wave}
     0 | D        | Found the +8 storm bow {elec, penet}
     2 | D        | Found a transporter.
     2 | D        | Found an ancient bone altar of Kikubaaqudgha.
     2 | D        | Found a viscous altar of Jiyva.
     2 | D        | Found a corrupted altar of Lugonu.
     2 | D        | Found a hazy altar of Hepliaklqana.
     2 | D        | Found a burning altar of Makhleb.
     2 | D        | Found an opulent altar of Gozag.
    66 | D        | Became a worshipper of Makhleb the Destroyer
    72 | D        | Reached XP level 2. HP: 34/34 MP: 1/1
    90 | D        | Entered arena 2.
    90 | D        | Found a transporter.
    96 | D        | Got the ring "Nidafid" {rC+ Slay+3 SInv}
   104 | D        | Entered arena 3.
   104 | D        | Noticed an air elemental
   104 | D        | Noticed an air elemental
   104 | D        | Noticed an air elemental
   104 | D        | Found a transporter.
   104 | D        | Paralysed by an air elemental for 1 turns
   107 | D        | Killed an air elemental
   107 | D        | Reached * piety under Makhleb
   107 | D        | Paralysed by an air elemental for 1 turns
   107 | D        | Killed an air elemental
   108 | D        | Reached skill level 10 in Axes
   108 | D        | Reached XP level 3. HP: 39/50 MP: 2/2
   108 | D        | Reached XP level 4. HP: 45/58 MP: 3/3
   108 | D        | Reached XP level 5. HP: 50/64 MP: 4/4
   108 | D        | Reached XP level 6. HP: 56/72 MP: 5/5
   108 | D        | Killed an air elemental
   162 | D        | Entered arena 4.
   162 | D        | Found a transporter.
   165 | D        | Reached ** piety under Makhleb
   166 | D        | Reached XP level 7. HP: 82/82 MP: 6/6
   168 | D        | Reached skill level 15 in Fighting
   175 | D        | Entered arena 5.
   175 | D        | Found the +3 giant club "Skullcrusher" {speed, Str+7}
   175 | D        | Noticed a purple ugly thing
   175 | D        | Noticed a basilisk
   175 | D        | Found a transporter.
   179 | D        | Reached *** piety under Makhleb
   180 | D        | Killed a purple ugly thing
   181 | D        | Reached XP level 8. HP: 76/94 MP: 7/7
   184 | D        | Got Xiyvuq's Precepts of Combined Ouranomancy
   224 | D        | Entered arena 6.
   224 | D        | Noticed a tarantella
   224 | D        | Noticed a tarantella
   224 | D        | Found a transporter.
   227 | D        | Killed a tarantella
   227 | D        | Reached **** piety under Makhleb
   228 | D        | Reached skill level 15 in Axes
   228 | D        | Killed a tarantella
   343 | D        | Entered arena 7.
   343 | D        | Noticed a mummy priest
   343 | D        | Noticed a guardian mummy
   343 | D        | Noticed a guardian mummy
   344 | D        | Found a transporter.
   347 | D        | Reached ***** piety under Makhleb
   349 | D        | Killed a mummy priest
   350 | D        | Reached XP level 9. HP: 38/106 MP: 0/8
   350 | D        | Killed a guardian mummy
   351 | D        | Killed a guardian mummy
   572 | D        | Entered arena 8.
   573 | D        | Found a transporter.
   578 | D        | Reached ****** piety under Makhleb
   642 | D        | Entered arena 9.
   642 | D        | Noticed a rime drake
   643 | D        | Found a transporter.
   648 | D        | Reached XP level 10. HP: 117/117 MP: 3/9
   820 | D        | Entered arena 10.
   820 | D        | Noticed a cane toad
   820 | D        | Noticed a cane toad
   821 | D        | Found a transporter.
   824 | D        | Reached skill level 4 in Armour
   825 | D        | Killed a cane toad
   826 | D        | Reached skill level 5 in Armour
   826 | D        | Reached skill level 5 in Shields
   827 | D        | Reached skill level 6 in Armour
   828 | D        | Killed a cane toad
   829 | D        | Reached skill level 7 in Armour
   906 | D        | Entered arena 11.
   907 | D        | Found a transporter.
   913 | D        | Reached skill level 8 in Armour
   919 | D        | Reached skill level 9 in Armour
   922 | D        | Got Sif Muna's Tractate on Manifold Ashes
   937 | D        | Entered arena 12.
   937 | D        | Noticed a soul eater
   938 | D        | Noticed a soul eater
   938 | D        | Noticed a soul eater
   939 | D        | Found a transporter.
   944 | D        | Killed a soul eater
   945 | D        | Reached skill level 10 in Armour
   945 | D        | Reached skill level 10 in Shields
   949 | D        | Killed a soul eater
   950 | D        | Killed a soul eater
   951 | D        | Reached skill level 11 in Armour
   951 | D        | Reached XP level 11. HP: 117/126 MP: 0/10
   975 | D        | Got the ring "Cacwiron" {MP+9 Str+2}
  1035 | D        | Entered arena 13.
  1035 | D        | Noticed a steelbarb worm
  1035 | D        | Noticed a steelbarb worm
  1036 | D        | Noticed an orb spider
  1037 | D        | Found a transporter.
  1038 | D        | Paralysed by a hornet for 3 turns
  1045 | D        | Reached skill level 12 in Armour
  1046 | D        | Killed a steelbarb worm
  1048 | D        | Killed a steelbarb worm
  1049 | D        | Reached skill level 13 in Armour
  1052 | D        | Killed an orb spider
  1053 | D        | Reached skill level 14 in Armour
  1301 | D        | Entered arena 14.
  1302 | D        | Noticed a naga warrior
  1302 | D        | Noticed a naga warrior
  1303 | D        | Noticed a naga warrior
  1304 | D        | Found a transporter.
  1314 | D        | Killed a naga warrior
  1315 | D        | Reached skill level 15 in Armour
  1315 | D        | Reached skill level 15 in Shields
  1318 | D        | Killed a naga warrior
  1324 | D        | Killed a naga warrior
  1325 | D        | Reached skill level 16 in Armour
  1336 | D        | Got the ring "Pamperru" {rElec rC+ Dex+6 Stlth+}
  1396 | D        | Entered arena 15.
  1397 | D        | Noticed a merfolk impaler
  1397 | D        | Noticed a merfolk impaler
  1398 | D        | Noticed a merfolk javelineer
  1398 | D        | Noticed a merfolk javelineer
  1398 | D        | Noticed a merfolk impaler
  1399 | D        | Found a transporter.
  1404 | D        | Reached XP level 12. HP: 111/134 MP: 4/11
  1406 | D        | Reached skill level 17 in Armour
  1408 | D        | Killed a merfolk impaler
  1412 | D        | Killed a merfolk javelineer
  1412 | D        | Killed a merfolk impaler
  1413 | D        | Killed a merfolk javelineer
  1414 | D        | Reached skill level 18 in Armour
  1418 | D        | Killed a merfolk impaler
  1643 | D        | Got the Catalogue of Metallic Oxidation
  1657 | D        | Entered arena 16.
  1658 | D        | Noticed an anaconda
  1658 | D        | Noticed an anaconda
  1658 | D        | Noticed an anaconda
  1658 | D        | Noticed a nagaraja
  1660 | D        | Found a transporter.
  1664 | D        | Killed an anaconda
  1665 | D        | Reached skill level 19 in Armour
  1666 | D        | Killed an anaconda
  1667 | D        | Reached skill level 5 in Dodging
  1668 | D        | Killed an anaconda
  1673 | D        | Reached skill level 20 in Armour
  1679 | D        | Killed a nagaraja
  1755 | D        | Entered arena 17.
  1758 | D        | Noticed a hell hog
  1758 | D        | Noticed a hell hog
  1758 | D        | Noticed a fire giant
  1758 | D        | Noticed a hell hog
  1758 | D        | Noticed a fire giant
  1759 | D        | Noticed a fire dragon
  1760 | D        | Found a transporter.
  1763 | D        | Killed a hell hog
  1765 | D        | Killed a hell hog
  1766 | D        | Reached skill level 21 in Armour
  1766 | D        | Killed a hell hog
  1769 | D        | Killed a fire giant
  1770 | D        | Reached skill level 10 in Dodging
  1770 | D        | Reached XP level 13. HP: 65/140 MP: 0/12
  1771 | D        | Killed a fire giant
  1772 | D        | Killed a fire dragon
  1773 | D        | Reached skill level 22 in Armour
  1803 | D        | Got the amulet "Qimmutui" {^Drain rElec rN++ RegenMP+
                  | Str+8}
  1906 | D        | Entered arena 18.
  1909 | D        | Noticed a frost giant
  1909 | D        | Noticed a nargun
  1909 | D        | Noticed a shard shrike
  1909 | D        | Noticed an Ice Fiend
  1909 | D        | Noticed a wendigo
  1910 | D        | Noticed a shard shrike
  1910 | D        | Found a transporter.
  1911 | D        | Killed a shard shrike
  1917 | D        | Killed a nargun
  1918 | D        | Killed a frost giant
  1921 | D        | Killed a shard shrike
  1921 | D        | Paralysed by a wendigo for 1 turns
  1922 | D        | Reached skill level 23 in Armour
  1923 | D        | Killed a wendigo
  1927 | D        | Killed an Ice Fiend
  2158 | D        | Entered arena 19.
  2162 | D        | Found a transporter.
  2165 | D        | Reached skill level 1 in Invocations
  2170 | D        | Reached skill level 24 in Armour
  2170 | D        | Reached skill level 15 in Dodging
  2175 | D        | Reached skill level 5 in Invocations
  2439 | D        | Entered arena 20.
  2444 | D        | Noticed a deep elf demonologist
  2444 | D        | Noticed a deep elf master archer
  2444 | D        | Noticed a deep elf sorcerer
  2444 | D        | Found the ring of the Mage {Wiz Archmagi}
  2445 | D        | Noticed a deep elf master archer
  2445 | D        | Noticed a deep elf sorcerer
  2445 | D        | Found a transporter.
  2450 | D        | Reached skill level 25 in Armour
  2452 | D        | Reached XP level 14. HP: 121/149 MP: 3/18
  2456 | D        | Noticed a balrug
  2458 | D        | Killed a deep elf sorcerer
  2459 | D        | Killed a deep elf sorcerer
  2459 | D        | Killed a deep elf master archer
  2466 | D        | Reached skill level 26 in Armour
  2466 | D        | Reached skill level 10 in Invocations
  2466 | D        | Killed a deep elf master archer
  2489 | D        | Got the ring of Zego {*Slow rC+ Will++ rCorr Int+2}
  2515 | D        | Got the Quarto of the Boggart
  2522 | D        | Got the Volume of Alpine Ceraunoscopy
  2632 | D        | Entered arena 21.
  2637 | D        | Noticed a royal mummy
  2637 | D        | Found the +8 demon trident "Rift" {distort, reach+}
  2638 | D        | Found a transporter.
  2641 | D        | Killed from afar by a mummy priest

Illustrated notes

Levels and vault maps discovered:
D:        sprint_v [room_start, room_1, room_2, room_3, room_4, room_5, room_6,
          room_7, room_8, room_9, room_10, room_11, room_12, room_13, room_14,
          room_15, room_16, room_17, room_18, room_19, room_20, room_21,
          room_22, room_23, room_24, room_25, room_26, room_27]

Skill      XL: |  1  2  3  4  5  6  7  8  9 10 11 12 13 14 |
---------------+-------------------------------------------+-----
Fighting       | 7 13 14 16 18 20 | 20.5
Axes           | 6 10 12 14 17 18 19 | 19.5
Armour         | 11 16 21 25 26 | 26.3
Shields        | 11 16 18 | 18.8
Dodging        | 10 16 18 | 18.5
Invocations    | 7 10 | 10.9

Action                     |  1- 3 |  4- 6 |  7- 9 | 10-12 | 13-15 || total
---------------------------+-------+-------+-------+-------+-------++-------
  Melee: Broad axe         |     4 |     2 |    20 |   101 |    70 ||   197
         Headbutt          |     1 |       |     3 |    19 |    10 ||    33
    Use: Potion            |     1 |       |       |       |     1 ||     2
   Stab: Distracted        |       |       |       |     1 |     3 ||     4
 Armour: Plate armour      |    18 |       |    10 |   139 |   117 ||   284
  Dodge: Dodged            |       |       |     1 |     7 |    57 ||    65
  Block: Kite shield       |     8 |     1 |    23 |   175 |   138 ||   345

Table legend: (Time is in decaauts)
 A = Elapsed time spent in this place.
 B = Non-inter-level travel time spent in this place.
 C = Inter-level travel time spent in this place.
 D = Time resting spent in this place.
 E = Time spent auto-exploring this place.
 F = Levels seen in this place.
 G = Mean time per level.
                   A        B        C        D        E       F      G
               +--------+--------+--------+--------+--------+-----+--------+
         Total |   2598 |   2598 |      0 |   1903 |      3 |   1 | 2598.0 |
       Dungeon |   2598 |   2598 |      0 |   1903 |      3 |   1 | 2598.0 |
               +--------+--------+--------+--------+--------+-----+--------+

Top non-repeatable levels by time:
       D: 2598 daAuts
